 Dungeon Crawl Stone Soup version 0.31-a0-331-geda263fcf1 (webtiles) character file.

Game seed: 14989556942629294695

49 mopl the Vexing (level 3, 0/20 HPs)
             Began as a Deep Elf Enchanter on July 19, 2023.
             Slain by a gnoll
             ... wielding a +0 whip
              (5 damage)
             ... on level 2 of the Dungeon.
             The game lasted 00:02:31 (1097 turns).

mopl the Vexing (Deep Elf Enchanter)                Turns: 1097, Time: 00:02:31

Health: 0/20       AC:  5    Str:  5    XL:     3   Next: 53%
Magic:  10/10      EV: 12    Int: 21    God:
Gold:   122        SH:  0    Dex: 15    Spells: 7/9 levels left

rFire   . . .        a - +1 dagger
rCold   . . .        (no shield)
rNeg    . . .        b - +0 robe
rPois   +            l - +0 helmet
rElec   .            j - +1 cloak {rPois}
rCorr   .            (no gloves)
SInv    .            (no boots)
Will    .....        q - amulet of magic regeneration
Stlth   +++          s - +4 ring of slaying
HPRegen 0.23/turn    (no ring)
MPRegen 0.52/turn

%: no passive effects
@: no status effects
A: no striking features
a: no special abilities


You were on level 2 of the Dungeon.
You visited 1 branch of the dungeon, and saw 2 of its levels.

You collected 122 gold pieces.

Inventory:

Hand Weapons
 a - a +1 dagger (weapon)
 t - a +0 dagger of flaming
Missiles
 d - 4 javelins
 e - 2 datura-tipped darts
 p - 5 poisoned darts
Armour
 b - a +0 robe (worn)
 j - a +1 cloak of poison resistance (worn)
 l - a +0 helmet (worn)
Jewellery
 q - an amulet of magic regeneration (around neck)
 s - a +4 ring of slaying (left hand)
Wands
 k - a wand of paralysis (4)
Scrolls
 g - a scroll of revelation {unknown}
 h - a scroll of brand weapon {unknown}
 i - a scroll of poison {unknown}
 m - a scroll of immolation {unknown}
Potions
 c - 2 potions of invisibility
 f - a potion of resistance {unknown}
 n - a potion of attraction {unknown}
 o - a potion of brilliance {unknown}
 r - a potion of curing {unknown}


   Skills:
 + Level 1.0 Fighting
 + Level 1.7 Short Blades
 - Level 2.4 Dodging
 + Level 4.1 Stealth
 + Level 3.5 Spellcasting
 + Level 4.5 Hexes


You had 7 spell levels left.
You knew the following spells:

 Your Spells              Type           Power      Damage    Failure   Level
b - Ensorcelled Hibernat  Hex/Ice        26%        N/A       8%          2

Your spell library contained the following spells:

 Spells                   Type           Power      Damage    Failure   Level
 Confusing Touch          Hex            22%        N/A       6%          3
 Tukima's Dance           Hex            22%        N/A       6%          3
 Dazzling Flash           Conj/Hex       26%        N/A       16%         3
 Olgreb's Toxic Radiance  Pois           3%         N/A       77%         4
 Discord                  Hex            11%        N/A       100%        8
 Ignition                 Fire           1%         3d3       100%        8


Dungeon Overview and Level Annotations

Branches:
Dungeon (2/15)

Altars:


Message History

Found a spear.
You see here a +0 spear.
You open the door.
A rat comes into view.
A rat is nearby!
There is an open door here.
A goblin comes into view. It is wielding a +0 dagger of flaming.
The helpless rat fails to defend itself.
You impale the rat!!
You kill the rat!
No target in view!
The helpless goblin fails to defend itself.
You impale the goblin!!
You kill the goblin!
No target in view!
Things that are here:
a +0 dagger of flaming; a goblin corpse
t - a +0 dagger of flaming
Found a stone staircase leading up.
A gnoll comes into view. It is wielding a +0 whip.
Found 17 gold pieces. 3 gnolls come into view.
A gnoll is wielding a +2 spear of distortion.
The gnoll shouts!
You closely miss the gnoll.
The gnoll shouts! x3
The gnoll barely misses you. The gnoll misses you.
The gnoll resists with significant effort.
The gnoll closely misses you.
Saving game... please wait.
Welcome back, mopl the Deep Elf Enchanter.
Press ? for a list of commands and other information.
The gnoll attacks as you move away! The gnoll closely misses you.
The gnoll attacks as you move away! The gnoll hits you with a +0 whip.
The gnoll attacks as you move away! The gnoll hits you with a +0 whip.
The gnoll attacks as you move away! The gnoll hits you with a +0 whip!
* * * LOW HITPOINT WARNING * * *
There is a stone staircase leading up here.
The gnoll hits you with a +0 whip.
You die...

.. ....# #.# #.###.# #g #.#.# #†#
#.# #.# #g #.#.# ####.# #.# #.#
#. #.#.###....## #.# #.#
#.#####....g......# #.# #.#
#.........###.###g# #.# #..
#.######....#.# #.# #.###..
.....$....##.#.###.########......
########### .#.#@g...............
#.###.#############. ..#
#.#############. #.#
#............... #.#
################


You could see a gnoll.

Vanquished Creatures
  2 adders (D:2)
  2 dart slugs
  An orc (D:2)
  4 endoplasms
  2 giant cockroaches
  4 goblins
  A kobold (D:2)
  A quokka (D:2)
  2 ball pythons (D:1)
  5 bats
  A frilled lizard (D:2)
  3 rats
28 creatures vanquished.

Notes
Turn   | Place    | Note
-------+----------+-------------------------------------------
     0 | D:1      | mopl the Deep Elf Enchanter began the quest for the Orb.
     0 | D:1      | Reached XP level 1. HP: 10/10 MP: 6/6
   222 | D:1      | Reached XP level 2. HP: 7/15 MP: 8/8
   257 | D:1      | Learned a level 2 spell: Ensorcelled Hibernation
   659 | D:2      | Reached skill level 4 in Stealth
   687 | D:2      | Reached XP level 3. HP: 16/20 MP: 9/9
   776 | D:2      | Reached skill level 1 in Fighting
  1097 | D:2      | Slain by a gnoll

Illustrated notes

Levels and vault maps discovered:
D:1:      minmay_arrival_semitransparent, layout_rooms
D:2:      minmay_inner_zag, layout_basic, hellmonk_ecumenical_altar_watching_god

Skill      XL: |  1  2  3 |
---------------+----------+-----
Stealth        | 4 |  4.1
Fighting       | 1 |  1.0
Short Blades   | |  1.7
Dodging        | |  2.4
Spellcasting   | |  3.5
Hexes          | |  4.5

Action                     || total
---------------------------++-------
  Melee: Dagger            ||    99
         Punch             ||     1
  Throw: Javelin           ||     2
   Cast: Ensorcelled Hiber ||     5
   Stab: Sleeping          ||     8
         Distracted        ||     1
 Armour: Robe              ||    21
  Dodge: Dodged            ||    64

Table legend: (Time is in decaauts)
 A = Elapsed time spent in this place.
 B = Non-inter-level travel time spent in this place.
 C = Inter-level travel time spent in this place.
 D = Time resting spent in this place.
 E = Time spent auto-exploring this place.
 F = Levels seen in this place.
 G = Mean time per level.
                   A        B        C        D        E       F      G
               +--------+--------+--------+--------+--------+-----+--------+
         Total |   1091 |   1049 |     42 |    112 |    621 |   2 |  545.5 |
       Dungeon |   1091 |   1049 |     42 |    112 |    621 |   2 |  545.5 |
               +--------+--------+--------+--------+--------+-----+--------+

Top non-repeatable levels by time:
     D:2: 547 daAuts
     D:1: 543 daAuts
